ORI
UNIVERSITY OF FLORIDA GATORS @ UNIVERSITY OF NEBRASKA CORNHUSKERS
10/10/2045
 
TOP OF THE 1ST
University of Florida Gators batting - Pitching for University of Nebraska Cornhuskers : RHP Erik Percival
Pitching: RHP Erik Percival
Batting: RHB Kazumi Inouye 0-0: Swinging Strike
0-1: Swinging Strike
0-2: Fly out, F9 (Flyball, 9S, EV 90.0 MPH)
Batting: LHB Ivan Alvarez 0-0: Fly out, F7 (Flyball, 7S, EV 74.4 MPH)
Batting: RHB Luis Cabera 0-0: Fly out, F7 (Flyball, 7LM, EV 96.9 MPH)
Top of the 1st over - 0 runs, 0 hits, 0 errors, 0 left on base; University of Florida 0 - University of Nebraska 0
BOTTOM OF THE 1ST
University of Nebraska Cornhuskers batting - Pitching for University of Florida Gators : RHP David Oviedo
Pitching: RHP David Oviedo
Batting: SHB Omar Cervantes 0-0: Called Strike
0-1: Foul Ball, location: 2F
0-2: Ball
1-2: Foul Ball, location: 2F
1-2: Ball
2-2: Ball
3-2: Base on Balls
Batting: RHB Chris Lenius 0-0: Ball
1-0: Ball
2-0: Grounds into double play, 4-6-3 (Groundball, 4, EV 80.0 MPH)
Batting: RHB Fred Rodriguez 0-0: Ball
1-0: Ball
2-0: Ball
3-0: Called Strike
3-1: SOLO HOME RUN (Line Drive, 78XD, EV 101.2 MPH), Distance : 412 ft
Batting: RHB Willie Acevedo 0-0: Called Strike
0-1: Called Strike
0-2: Foul Ball, location: 2F
0-2: Ball
1-2: Fly out, F9 (Line Drive, 9D, EV 85.0 MPH)
Bottom of the 1st over - 1 run, 1 hit, 0 errors, 0 left on base; University of Florida 0 - University of Nebraska 1
TOP OF THE 2ND
University of Florida Gators batting - Pitching for University of Nebraska Cornhuskers : RHP Erik Percival
Batting: RHB Troy Bush 0-0: Foul Ball, location: 2F
0-1: SOLO HOME RUN (Flyball, 78XD, EV 98.8 MPH), Distance : 417 ft
Batting: RHB Mike Webb 0-0: Called Strike
0-1: Ground out 4-3 (Groundball, 4M, EV 90.0 MPH)
Batting: LHB Kuan Hsia 0-0: Called Strike
0-1: Ball
1-1: Foul Ball, location: 2F
1-2: Strikes out swinging
Batting: RHB Marco Morales 0-0: Foul Ball, location: 2F
0-1: SINGLE (Groundball, 6MD, EV 101.9 MPH)
Batting: RHB Ryan Jennings 0-0: Ball
1-0: Swinging Strike
1-1: Foul Ball, location: 2F
1-2: Foul Ball, location: 2F
1-2: Strikes out looking
Top of the 2nd over - 1 run, 2 hits, 0 errors, 1 left on base; University of Florida 1 - University of Nebraska 1
BOTTOM OF THE 2ND
University of Nebraska Cornhuskers batting - Pitching for University of Florida Gators : RHP David Oviedo
Batting: LHB Martin Koka 0-0: Ball
1-0: Ball
2-0: Foul Ball, location: 2F
2-1: Ball
3-1: Base on Balls
Batting: LHB Chris Mena 0-0: Ball
1-0: Ball
2-0: Ball
3-0: Called Strike
3-1: SINGLE (Groundball, 6MD, EV 96.9 MPH)
Martin Koka to second
Batting: RHB Ricky Avila 0-0: Ball
1-0: Called Strike
1-1: Ball
2-1: Fielders Choice at 2nd, 6-4 (Groundball, 6S, EV 86.2 MPH)
Martin Koka to third
Batting: SHB Ken Kidd 0-0: SINGLE (Line Drive, 8LM, EV 95.0 MPH)
Martin Koka scores
Ricky Avila to second
Runner from 2nd tries for 3rd, SAFE, throw by CF made to third
Ken Kidd to second
Batting: RHB Mike Robinson 0-0: Ball
1-0: Ball
2-0: Called Strike
2-1: Ball
3-1: Swinging Strike
3-2: 3-RUN HOME RUN (Flyball, 78XD, EV 96.9 MPH) (Inside the Park)
Batting: SHB Omar Cervantes 0-0: Ball
1-0: Called Strike
1-1: Ball
2-1: Foul Ball, location: 2F
2-2: Foul Ball, location: 2F
2-2: Strikes out looking
Batting: RHB Chris Lenius 0-0: Called Strike
0-1: Foul Ball, location: 2F
0-2: Ball
1-2: SINGLE (Groundball, 4MD, EV 109.4 MPH)
Batting: RHB Fred Rodriguez 0-0: Called Strike
0-1: Ball
1-1: Foul Ball, location: 2F
1-2: Strikes out swinging
Bottom of the 2nd over - 4 runs, 4 hits, 0 errors, 1 left on base; University of Florida 1 - University of Nebraska 5
TOP OF THE 3RD
University of Florida Gators batting - Pitching for University of Nebraska Cornhuskers : RHP Erik Percival
Batting: RHB Jim Unknown 0-0: Swinging Strike
0-1: Called Strike
0-2: Strikes out swinging
Batting: RHB Kazumi Inouye 0-0: Called Strike
0-1: Ground out 4-3 (Groundball, 4, EV 84.4 MPH)
Batting: LHB Ivan Alvarez 0-0: Called Strike
0-1: Ball
1-1: Swinging Strike
1-2: Ball
2-2: Ball
3-2: Base on Balls
Batting: RHB Luis Cabera 0-0: Ball
1-0: Ball
2-0: Ball
3-0: Base on Balls
Ivan Alvarez to second
Batting: RHB Troy Bush 0-0: Called Strike
0-1: Swinging Strike
0-2: Foul Ball, location: 2F
0-2: Ball
1-2: DOUBLE (Flyball, 89D, EV 87.5 MPH)
Ivan Alvarez scores
Luis Cabera to third
Runner from 3rd tries for Home, SAFE, throw by RF to trailing runner, OUT at third! 9-3-5
Top of the 3rd over - 2 runs, 1 hit, 0 errors, 0 left on base; University of Florida 3 - University of Nebraska 5
BOTTOM OF THE 3RD
University of Nebraska Cornhuskers batting - Pitching for University of Florida Gators : RHP David Oviedo
Batting: RHB Willie Acevedo 0-0: Ball
1-0: Ball
2-0: Called Strike
2-1: Ball
3-1: SINGLE (Line Drive, 9S, EV 107.5 MPH)
Batting: LHB Martin Koka 0-0: Called Strike
0-1: Swinging Strike
0-2: Ball
1-2: Foul Ball, location: 2F
1-2: Ball
2-2: Strikes out swinging
Batting: LHB Chris Mena 0-0: Swinging Strike
0-1: Called Strike
0-2: Strikes out looking
Batting: RHB Ricky Avila 0-0: Ball
1-0: DOUBLE (Line Drive, 78D, EV 111.2 MPH)
Willie Acevedo to third
Runner from 3rd tries for Home, SAFE, no throw by LF
Pitching: RHP Mario Ayala
Pinch Runner at 2nd Arunansu Meenan:
Batting: SHB Ken Kidd 0-0: Called Strike
0-1: Ball
1-1: Fly out, F9 (Flyball, 9LM, EV 85.6 MPH)
Bottom of the 3rd over - 1 run, 2 hits, 0 errors, 1 left on base; University of Florida 3 - University of Nebraska 6
TOP OF THE 4TH
University of Florida Gators batting - Pitching for University of Nebraska Cornhuskers : RHP Erik Percival
Now in CF: Pete Fischer
Now in RF: Ken Kidd
Batting: RHB Mike Webb 0-0: Called Strike
0-1: Ball
1-1: Called Strike
1-2: Foul Ball, location: 2F
1-2: Ball
2-2: Strikes out swinging
Batting: LHB Kuan Hsia 0-0: Called Strike
0-1: Ball
1-1: Ball
2-1: Ball
3-1: Base on Balls
Batting: RHB Marco Morales 0-0: Fielders Choice at 2nd, 4-6 (Groundball, 4M, EV 86.2 MPH)
Batting: RHB Ryan Jennings 0-0: Fly out, F8 (Flyball, 89D, EV 103.1 MPH)
Top of the 4th over - 0 runs, 0 hits, 0 errors, 1 left on base; University of Florida 3 - University of Nebraska 6
BOTTOM OF THE 4TH
University of Nebraska Cornhuskers batting - Pitching for University of Florida Gators : RHP Mario Ayala
Batting: RHB Mike Robinson 0-0: Ball
1-0: Ball
2-0: Called Strike
2-1: Ball
3-1: Ground out 6-3 (Groundball, 6, EV 100.6 MPH)
Batting: SHB Omar Cervantes 0-0: Ball
1-0: Ball
2-0: Ground out 4-3 (Groundball, 4M, EV 83.8 MPH)
Batting: RHB Chris Lenius 0-0: Swinging Strike
0-1: Foul Ball, location: 2F
0-2: Ball
1-2: Strikes out swinging
Bottom of the 4th over - 0 runs, 0 hits, 0 errors, 0 left on base; University of Florida 3 - University of Nebraska 6
TOP OF THE 5TH
University of Florida Gators batting - Pitching for University of Nebraska Cornhuskers : RHP Erik Percival
Batting: RHB Jim Unknown 0-0: Called Strike
0-1: Foul Ball, location: 2F
0-2: Ball
1-2: Ball
2-2: Foul Ball, location: 2F
2-2: Ball
3-2: Foul Ball, location: 2F
3-2: Foul Ball, location: 2F
3-2: Foul Ball, location: 2F
3-2: Ground out U3 (Groundball, 3, EV 101.2 MPH)
Pitching: RHP D.J. Bryant
Batting: RHB Kazumi Inouye 0-0: Called Strike
0-1: Fly out, F9 (Flyball, 9LM, EV 94.4 MPH)
Batting: LHB Ivan Alvarez 0-0: SINGLE (Groundball, 6MD, EV 100.0 MPH)
Batting: RHB Luis Cabera 0-0: Ball
1-0: Ball
2-0: Fly out, F7 (Flyball, 7, EV 82.5 MPH)
Top of the 5th over - 0 runs, 1 hit, 0 errors, 1 left on base; University of Florida 3 - University of Nebraska 6
BOTTOM OF THE 5TH
University of Nebraska Cornhuskers batting - Pitching for University of Florida Gators : RHP Mario Ayala
Batting: RHB Fred Rodriguez 0-0: Ball
1-0: Ball
2-0: Foul Ball, location: 2F
2-1: Ball
3-1: Foul Ball, location: 2F
3-2: Foul Ball, location: 2F
3-2: Base on Balls
Batting: RHB Willie Acevedo 0-0: Ball
1-0: Called Strike
1-1: Called Strike
1-2: Foul Ball, location: 2F
1-2: Foul Ball, location: 2F
1-2: Ball
2-2: Foul Ball, location: 2F
2-2: Fly out, F4 (Popup, 4S, EV 68.8 MPH)
Batting: LHB Martin Koka 0-0: Swinging Strike
0-1: Ball
1-1: Fielders Choice at 2nd, 6-4 (Groundball, 6M, EV 108.1 MPH)
Batting: LHB Chris Mena 0-0: Ball
1-0: Called Strike
1-1: Ball
Wild Pitch!
Martin Koka to second
2-1: Called Strike
2-2: Foul Ball, location: 2F
2-2: Foul Ball, location: 2F
2-2: Ball
3-2: Base on Balls
Pitching: RHP Jim Unknown
Batting: LHB Pete Fischer 0-0: Ball
1-0: Swinging Strike
1-1: Foul Ball, location: 2F
1-2: Ground out U3 (Groundball, 3L, EV 80.6 MPH)
Bottom of the 5th over - 0 runs, 0 hits, 0 errors, 2 left on base; University of Florida 3 - University of Nebraska 6
TOP OF THE 6TH
University of Florida Gators batting - Pitching for University of Nebraska Cornhuskers : RHP D.J. Bryant
Batting: RHB Troy Bush 0-0: Foul Ball, location: 2F
0-1: Foul Ball, location: 2F
0-2: Ground out 6-3 (Groundball, 6, EV 86.2 MPH)
Batting: RHB Mike Webb 0-0: Ball
1-0: Ground out 5-3 (Groundball, 56S, EV 82.5 MPH)
Batting: LHB Kuan Hsia 0-0: Ball
1-0: Foul Ball, location: 2F
1-1: Ground out U3 (Groundball, 3, EV 89.4 MPH)
Top of the 6th over - 0 runs, 0 hits, 0 errors, 0 left on base; University of Florida 3 - University of Nebraska 6
BOTTOM OF THE 6TH
University of Nebraska Cornhuskers batting - Pitching for University of Florida Gators : RHP Jim Unknown
Batting: SHB Ken Kidd 0-0: Ball
1-0: Swinging Strike
1-1: Ball
2-1: Ball
3-1: Base on Balls
Batting: RHB Mike Robinson 0-0: Ball
1-0: Foul Ball, location: 2F
1-1: Ball
2-1: Foul Ball, location: 2F
2-2: Foul Ball, location: 2F
2-2: Fly out, F9 (Flyball, 9D, EV 87.5 MPH)
Batting: SHB Omar Cervantes 0-0: Called Strike
0-1: Fly out, F8 (Flyball, 8LD, EV 93.8 MPH)
Batting: RHB Chris Lenius 0-0: Ball
1-0: Fly out, F7 (Flyball, 78M, EV 73.1 MPH)
Bottom of the 6th over - 0 runs, 0 hits, 0 errors, 1 left on base; University of Florida 3 - University of Nebraska 6
TOP OF THE 7TH
University of Florida Gators batting - Pitching for University of Nebraska Cornhuskers : RHP D.J. Bryant
Batting: RHB Marco Morales 0-0: Fly out, F9 (Flyball, 9, EV 79.4 MPH)
Batting: RHB Ryan Jennings 0-0: Ball
1-0: Foul Ball, location: 2F
1-1: Ground out 6-3 (Groundball, 6, EV 88.8 MPH)
Batting: RHB Jim Unknown 0-0: Fly out, F7 (Flyball, 7, EV 90.0 MPH)
Top of the 7th over - 0 runs, 0 hits, 0 errors, 0 left on base; University of Florida 3 - University of Nebraska 6
BOTTOM OF THE 7TH
University of Nebraska Cornhuskers batting - Pitching for University of Florida Gators : RHP Jim Unknown
Batting: RHB Fred Rodriguez 0-0: Ball
1-0: Ball
2-0: Called Strike
2-1: SINGLE (Groundball, 3D, EV 101.2 MPH)
Batting: RHB Willie Acevedo 0-0: DOUBLE (Flyball, 8LD, EV 96.9 MPH)
Fred Rodriguez to third
Batting: LHB Martin Koka 0-0: Intentional Walk
Batting: LHB Chris Mena 0-0: Ball
1-0: Called Strike
1-1: SINGLE (Groundball, 4MD, EV 98.1 MPH)
Fred Rodriguez scores
Willie Acevedo to third
Martin Koka to second
Batting: LHB Pete Fischer 0-0: Ball
1-0: Grounds out, U3 (Groundball, 3L, EV 86.2 MPH)
Willie Acevedo scores
Martin Koka to third
Batting: SHB Ken Kidd 0-0: Swinging Strike
0-1: Ball
1-1: Ball
2-1: Fly out, F9 (Flyball, 9LM, EV 90.0 MPH)
Runner from 3rd tags up, SCORES, no throw by RF
Batting: RHB Mike Robinson 0-0: Ball
Balk!
Chris Mena to third
1-0: Ball
2-0: Ball
3-0: Base on Balls
Batting: SHB Omar Cervantes 0-0: Ball
1-0: Swinging Strike
1-1: SINGLE (Line Drive, 8LS, EV 94.4 MPH)
Chris Mena scores
Mike Robinson to second
Batting: RHB Chris Lenius 0-0: Ball
1-0: Ball
2-0: Foul Ball, location: 2F
2-1: Foul Ball, location: 2F
2-2: Ball
Wild Pitch!
Mike Robinson to third
Omar Cervantes to second
3-2: Ground out U3 (Groundball, 34, EV 92.5 MPH)
Bottom of the 7th over - 4 runs, 4 hits, 0 errors, 2 left on base; University of Florida 3 - University of Nebraska 10
TOP OF THE 8TH
University of Florida Gators batting - Pitching for University of Nebraska Cornhuskers : RHP D.J. Bryant
Batting: RHB Kazumi Inouye 0-0: Called Strike
0-1: Ground out 5-3 (Groundball, 56, EV 103.8 MPH)
Batting: LHB Ivan Alvarez 0-0: Ball
1-0: Ball
2-0: SINGLE (Line Drive, 9S, EV 103.1 MPH)
Batting: RHB Martin Dudley 0-0: Ball
1-0: Ball
2-0: Ball
3-0: Called Strike
3-1: Reached on error, E5 (Groundball, 56, EV 81.2 MPH)
Ivan Alvarez to second
Batting: RHB Troy Bush 0-0: Ball
1-0: SINGLE (Groundball, 6MS, EV 65.6 MPH) (infield hit)
Ivan Alvarez to third
Martin Dudley to second
Batting: RHB Mike Webb 0-0: Ball
1-0: Foul Ball, location: 2F
1-1: Swinging Strike
1-2: Ball
2-2: Foul Ball, location: 2F
2-2: Ball
3-2: Base on Balls
Ivan Alvarez scores
Martin Dudley to third
Troy Bush to second
Pitching: RHP Tony Machado
Batting: LHB Kuan Hsia 0-0: Called Strike
0-1: Foul Ball, location: 2F
0-2: Ball
1-2: Foul Ball, location: 2F
1-2: Foul Ball, location: 2F
1-2: Strikes out swinging
Batting: RHB Marco Morales 0-0: Ball
1-0: Swinging Strike
1-1: Ball
2-1: Ball
3-1: Base on Balls
Martin Dudley scores
Troy Bush to third
Mike Webb to second
Batting: RHB Ryan Jennings 0-0: Foul Ball, location: 2F
0-1: Swinging Strike
0-2: Fielders Choice at 2nd, 5-4 (Groundball, 56, EV 88.8 MPH)
Top of the 8th over - 2 runs, 2 hits, 1 error, 3 left on base; University of Florida 5 - University of Nebraska 10
BOTTOM OF THE 8TH
University of Nebraska Cornhuskers batting - Pitching for University of Florida Gators : RHP Jim Unknown
Batting: RHB Fred Rodriguez 0-0: Ball
1-0: Swinging Strike
1-1: Fly out, F8 (Line Drive, 8LM, EV 93.8 MPH)
Batting: RHB Willie Acevedo 0-0: Ball
1-0: Ball
2-0: Ball
3-0: Base on Balls
Batting: LHB Martin Koka 0-0: Called Strike
0-1: Grounds into double play, 6-4-3 (Groundball, 6, EV 83.1 MPH)
Bottom of the 8th over - 0 runs, 0 hits, 0 errors, 0 left on base; University of Florida 5 - University of Nebraska 10
TOP OF THE 9TH
University of Florida Gators batting - Pitching for University of Nebraska Cornhuskers : RHP Tony Machado
Pinch Hitting: RHB Mike Stein 0-0: Called Strike
0-1: Fly out, F3 (Popup, 3SF, EV 73.8 MPH)
Batting: RHB Kazumi Inouye 0-0: Ball
1-0: Called Strike
1-1: Ball
2-1: Called Strike
2-2: Ground out 3-1 (Groundball, 34, EV 89.4 MPH)
Batting: LHB Ivan Alvarez 0-0: Called Strike
0-1: Foul Ball, location: 2F
0-2: Ball
1-2: Strikes out swinging
Top of the 9th over - 0 runs, 0 hits, 0 errors, 0 left on base; University of Florida 5 - University of Nebraska 10
Wednesday, June 22nd , 2022 - OOTP Baseball 23.4 Build 64